 Dungeon Crawl Stone Soup version 0.30-a0-760-g5a9884bb7c (webtiles) character file.

Game seed: 1533903202173852555

541 Leeroy the Slasher (level 7, -2/34 HPs)
             Began as a Vine Stalker Warper on Feb 11, 2023.
             Was a Follower of Wu Jian.
             Slain by a gnoll bouda
             ... wielding a +0 club
              (9 damage)
             ... on level 5 of the Dungeon.
             The game lasted 00:06:02 (2808 turns).

Leeroy the Slasher (Vine Stalker Warper)            Turns: 2808, Time: 00:06:03

Health: -2/34      AC:  3    Str: 14    XL:     7   Next: 26%
Magic:  0/11       EV: 12    Int: 13    God:    Wu Jian [*.....]
Gold:   81         SH:  0    Dex: 15    Spells: 5/10 levels left

rFire   . . .      SeeInvis .    a - +0 falchion
rCold   . . .      Faith    .    (no shield)
rNeg    . . .      Spirit   +    b - +0 leather armour
rPois   .          Reflect  .    (no helmet)
rElec   .          Harm     .    (no cloak)
rCorr   .          Rampage  .    (no gloves)
Will    .....                    (no boots)
Stlth   +                        (no amulet)
HPRegen 1.05/turn                (no ring)
MPRegen 0.12/turn                (no ring)

@: no status effects
A: fangs 2, regeneration 1, magic shield, antimagic bite, no potion heal 2
a: Renounce Religion


You were on level 5 of the Dungeon.
You worshipped Wu Jian.
Wu Jian was aware of your devotion.
You visited 2 branches of the dungeon, and saw 5 of its levels.
You also visited: Ossuary.

You collected 81 gold pieces.

Inventory:

Hand Weapons
 a - a +0 falchion (weapon)
 e - a +0 rapier
 r - a +1 spear of pain
Missiles
 d - 7 boomerangs of dispersal (quivered)
 q - 4 poisoned darts
Armour
 b - a +0 leather armour (worn)
 i - an orb of guile
Jewellery
 p - a ring of fire
Wands
 w - a wand of mindburst (20)
 x - a wand of iceblast (3)
Scrolls
 c - a scroll of blinking
 f - a scroll of silence
 h - a scroll of brand weapon
 j - a scroll of butterflies
 o - a scroll of fog
 s - a scroll of immolation
Potions
 g - 3 potions of heal wounds
 k - a potion of cancellation {unknown}
 l - 2 potions of magic {unknown}
 n - a potion of flight {unknown}
 t - 4 potions of attraction {unknown}
 u - 2 potions of degeneration {unknown}
 v - a potion of ambrosia {unknown}
 z - a potion of invisibility {unknown}
 A - a potion of curing {unknown}


   Skills:
 - Level 1.7 Fighting
 + Level 6.6 Long Blades
 - Level 0.8 Throwing
 - Level 0.7 Armour
 - Level 2.6 Dodging
 - Level 2.1 Spellcasting
 - Level 3.0 Translocations


You had 5 spell levels left.
You knew the following spells:

 Your Spells              Type           Power      Damage    Failure   Level
a - Blink                 Tloc           18%        N/A       14%         2
b - Vhi's Electric Charg  Tloc/Air       10%        N/A       45%         3

Your spell library contained the following spells:

 Spells                   Type           Power      Damage    Failure   Level
 Lesser Beckoning         Tloc           18%        N/A       14%         2
 Gell's Gravitas          Tloc           9%         N/A       28%         3
 Teleport Other           Tloc           9%         N/A       28%         3
 Beastly Appendage        Tmut           2%         N/A       32%         1
 Wereblood                Tmut           1%         N/A       43%         2
 Ignite Poison            Fire/Tmut/Pois 1%         N/A       67%         3
 Spider Form              Tmut/Pois      1%         N/A       67%         3
 Manifold Assault         Tloc           9%         N/A       67%         4
 Sticky Flame             Conj/Fire      1%         2d3       97%         4
 Iskenderun's Battlesphe  Conj           1%         2d6       100%        5
 Iron Shot                Conj/Erth      0%         9d1       100%        6
 Spellforged Servitor     Conj/Summ      0%         N/A       100%        7
 Storm Form               Tmut/Air       0%         N/A       100%        7
 Ignition                 Fire           0%         3d3       100%        8


Dungeon Overview and Level Annotations

Branches:
Dungeon (5/15)             Temple (1/1) D:5         Ossuary (visited)

Altars:
Dithmenos
Fedhas
Gozag
Hepliaklqana
Kikubaaqudgha
Makhleb
Nemelex Xobeh
Ru
Uskayaw
Wu Jian
Xom
Yredelemnul
The Shining One

Shops:
D:2 [


Innate Abilities, Weirdness & Mutations

You have extremely sharp teeth.
Your natural rate of healing is unusually fast.
When hurt, damage is shared between your health and your magic reserves.
Your bite disrupts and absorbs the magic of your enemies.
Potions cannot restore your health.


Message History

No target in view!
No target in view!
No target in view!
Magic restored.
You open the door.
A gnoll comes into view. It is wielding a +0 flail.
Found an escape hatch in the ceiling.
A gnoll is nearby!
There is an open door here.
A gnoll bouda comes into view. It is wielding a +0 club.
The gnoll bouda shouts!
A gnoll comes into view. It is wielding a +0 spear.
A gnoll and a phantom come into view.
The gnoll shouts!
The gnoll bouda barks out a call to the hunt!
The gnolls pick up the pace!
A gnoll comes into view. It is wielding a +0 flail.
The gnoll shouts! x2
The gnoll hits you with a +0 flail!
The gnoll hits you from afar with a +0 spear.
You hit the gnoll.
The gnoll is lightly wounded.
The gnoll hits you with a +0 flail.
The gnoll bouda calls upon its god to heal the gnoll.
The gnoll's wounds heal themselves!
The gnoll closely misses you.
You hit the gnoll.
The gnoll is moderately wounded.
The gnoll completely misses you. The gnoll hits you with a +0 flail! x2
* * * LOW HITPOINT WARNING * * *
You are too injured to fight recklessly!
You spin and attack the gnoll.
You hit the gnoll but do no damage. You bite the gnoll. You drain its power.
You feel invigorated.
The gnoll is heavily wounded.
The gnoll closely misses you.
There is an escape hatch in the ceiling here.
The gnoll hits you with a +0 flail!
* * * LOW HITPOINT WARNING * * *
The gnoll hits you but does no damage.
The gnoll bouda hits you with a +0 club!
You die...

...................#######
.......)...........#
......).)..........#
.............##....#
...########'###....# .
#.........#....#
#.........#....+
#.........#....#
#...g@W...#....#
#..ggg....# #..g......#
.....#######... ...... ...
...... .. ...... .....


You could see a phantom, a gnoll bouda and 4 gnolls.

Vanquished Creatures
  An elf zombie (Ossuary)
  A scorpion (D:5)
  2 centaur zombies (Ossuary)
  2 human zombies (Ossuary)
  A hound (D:5)
  A jelly (D:5)
  An iguana (D:5)
  An orc wizard (D:3)
  2 mummies (Ossuary)
  3 adders
  An ufetubus (D:5)
  An adder zombie (Ossuary)
  3 worms (D:2)
  8 orcs
  3 ball pythons
  8 endoplasms
  4 giant cockroaches
  4 goblins
  4 hobgoblins
  7 jackals
  4 quokkas
  4 bats
  5 frilled lizards
  2 goblin zombies (Ossuary)
  7 hobgoblin zombies (Ossuary)
  6 kobolds
  12 kobold zombies (Ossuary)
  9 orc zombies (Ossuary)
  6 rats
  A rat zombie (Ossuary)
  A bush (D:2)
115 creatures vanquished.

Notes
Turn   | Place    | Note
-------+----------+-------------------------------------------
     0 | D:1      | Leeroy the Vine Stalker Warper began the quest for the Orb.
     0 | D:1      | Reached XP level 1. HP: 11/11 MP: 4/4
    35 | D:1      | Reached skill level 2 in Long Blades
   181 | D:1      | Reached XP level 2. HP: 14/15 MP: 6/6
   352 | D:1      | Reached skill level 3 in Long Blades
   438 | D:1      | Reached XP level 3. HP: 16/18 MP: 5/7
   874 | D:2      | Found a sparkling altar of Nemelex Xobeh.
   918 | D:2      | Learned a level 2 spell: Blink
   929 | D:2      | Learned a level 3 spell: Vhi's Electric Charge
   940 | D:2      | Found Yvalaso's Antique Armour Boutique.
  1069 | D:2      | Gained mutation: Your natural rate of healing is unusually
                  | fast. [Vine Stalker growth]
  1069 | D:2      | Reached XP level 4. HP: 23/23 MP: 8/8
  1758 | D:3      | Found a faded altar of an unknown god.
  1788 | D:3      | Reached XP level 5. HP: 26/26 MP: 7/9
  1805 | D:3      | Reached skill level 4 in Long Blades
  2113 | D:3      | You fall into a shaft and drop 2 floors!
  2113 | D:5      | Entered Level 5 of the Dungeon
  2146 | D:5      | Reached XP level 6. HP: 24/30 MP: 10/10
  2173 | D:5      | Reached skill level 5 in Long Blades
  2223 | D:5      | Found a staircase to the Ecumenical Temple.
  2248 | Temple   | Entered the Ecumenical Temple
  2308 | Temple   | Became a worshipper of the Wu Jian Council
  2362 | D:5      | Found a sand-covered staircase.
  2366 | Ossuary  | Entered an ossuary
  2515 | Ossuary  | Reached * piety under Wu Jian
  2575 | Ossuary  | Reached skill level 6 in Long Blades
  2592 | Ossuary  | Reached XP level 7. HP: 32/34 MP: 11/11
  2808 | D:5      | Slain by a gnoll bouda

Illustrated notes

Levels and vault maps discovered:
D:1:      amcnicky_arrival_double_pillar, layout_loops_cross,
          minmay_misc_feat_hallway
D:2:      layout_basic, serial_shops, shop, basic_altar, grunt_ministairs_11,
          minmay_hedge_maze
D:3:      layout_loops_ring, hellmonk_ecumenical_altar_blasted
D:5:      layout_gridville, minmay_temple_entry_antechambers,
          ebering_ghost_disaster_area, enter_ossuary_5
Temple:   nicolae_temple_godzebo

Skill      XL: |  1  2  3  4  5  6 |
---------------+-------------------+-----
Long Blades    | 2 3 4 6 |  6.6
Dodging        | 2 |  2.6
Fighting       | |  1.7
Throwing       | |  0.8
Armour         | |  0.7
Spellcasting   | |  2.1
Translocations | |  3.0

Action                     |  1- 3 |  4- 6 |  7- 9 || total
---------------------------+-------+-------+-------++-------
  Melee: Rapier            |    33 |       |       ||    33
         Falchion          |    73 |   329 |    49 ||   451
         Bite              |    24 |   127 |    11 ||   162
         Punch             |       |     7 |     1 ||     8
Ability: Lunge             |       |     3 |     3 ||     6
         Whirlwind         |       |       |     1 ||     1
    Use: Scroll            |       |       |     5 ||     5
   Stab: Sleeping          |     2 |     1 |       ||     3
 Armour: Leather armour    |    30 |    53 |     8 ||    91
  Dodge: Dodged            |    61 |   136 |    11 ||   208

Table legend: (Time is in decaauts)
 A = Elapsed time spent in this place.
 B = Non-inter-level travel time spent in this place.
 C = Inter-level travel time spent in this place.
 D = Time resting spent in this place.
 E = Time spent auto-exploring this place.
 F = Levels seen in this place.
 G = Mean time per level.
                   A        B        C        D        E       F      G
               +--------+--------+--------+--------+--------+-----+--------+
         Total |   2848 |   2674 |    174 |     11 |   1724 |   6 |  474.7 |
       Dungeon |   2374 |   2225 |    149 |      0 |   1571 |   4 |  593.5 |
        Temple |     86 |     61 |     25 |      0 |     41 |   1 |   86.0 |
       Ossuary |    386 |    386 |      0 |     11 |    112 |   1 |  386.0 |
               +--------+--------+--------+--------+--------+-----+--------+

Top non-repeatable levels by time:
     D:2: 977 daAuts
     D:1: 754 daAuts
     D:3: 418 daAuts
 Ossuary: 386 daAuts
     D:5: 224 daAuts
  Temple: 86 daAuts
